 Dungeon Crawl Stone Soup version 0.16-a0-1212-geefc3ab (webtiles) character file.

79 Psiweapon the Cutter (level 4, -6/28 HPs)
             Began as a Kobold Abyssal Knight on Oct 12, 2014.
             Was a Believer of Lugonu.
             Killed from afar by an orc wizard (10 damage)
             ... with a magic dart
             ... on level 3 of the Dungeon.
             The game lasted 00:15:30 (2741 turns).

Psiweapon the Cutter (Kobold Abyssal Knight)        Turns: 2741, Time: 00:15:30

Health: -6/28      AC:  4    Str: 10    XL:     4   Next: 64%
Magic:  7/7        EV: 13    Int: 10    God:    Lugonu [**....]
Gold:   107        SH:  0    Dex: 16    Spells: 0 memorised, 3 levels left

rFire  . . .     SeeInvis .     a - +1 short sword
rCold  . . .     Clarity  .     b - +0 leather armour
rNeg   + . .     SustAb   .     (no shield)
rPois  .         Gourm    .     (no helmet)
rElec  .         Spirit   .     h - +0 cloak
rCorr  .         Warding  .     (no gloves)
rMut   .         Stasis   .     (no boots)
MR     .....                    (no amulet)
Stlth  +.........               p - ring of positive energy
                                m - ring of wizardry

@: not resistant to hostile enchantments, very unstealthy
A: carnivore 3
a: Depart the Abyss, Bend Space, Renounce Religion


You were on level 3 of the Dungeon.
You worshipped Lugonu.
Lugonu was pleased with you.
You were not hungry.

You visited 1 branch of the dungeon, and saw 3 of its levels.
You visited the Abyss 1 time.

You collected 107 gold pieces.

Inventory:

Hand weapons
 a - a +1 short sword (weapon)
Missiles
 d - 38 stones (quivered)
 n - 8 poisoned needles
 s - 18 bolts
 t - 12 bolts of flame
Armour
 b - a +0 leather armour (worn)
 h - a +0 cloak (worn)
 o - a troll hide
Comestibles
 c - a meat ration
 f - a beef jerky
Scrolls
 j - 3 scrolls of teleportation {unknown}
 k - a scroll of random uselessness {unknown}
 q - 5 scrolls of identify {unknown}
 r - 3 scrolls of remove curse {unknown}
 u - a scroll of recharging {unknown}
Jewellery
 m - a ring of wizardry (left hand)
 p - a ring of positive energy (right hand)
Potions
 g - 2 potions of heal wounds {unknown}
 i - a potion of restore abilities {unknown}
 l - a potion of haste {unknown}


   Skills:
 - Level 3.2 Fighting
 + Level 4.7 Short Blades
 - Level 0.7 Armour
 - Level 2.4 Dodging
 + Level 3.5 Invocations


You had 3 spell levels left.
You didn't know any spells.

Dungeon Overview and Level Annotations

Branches:
Dungeon (3/15)

Altars:
Qazlal
Vehumet
Xom
Zin

Annotations:
D:2 1 exclusion


Innate Abilities, Weirdness & Mutations

You are small and have problems with some larger weapons.
You are carnivorous and can eat meat at any time.


Message History

The orc wizard is heavily wounded.
The orc wizard completely misses you. The orc hits you with a club.
* * * LOW HITPOINT WARNING * * *
The orc wizard hits you with a dagger.
* * * LOW HITPOINT WARNING * * *
Unknown command.
The orc wizard completely misses you.
The orc wizard hits you but does no damage.
The orc hits you but does no damage.
Drink which item? (? for menu, Esc to quit)
You feel better.
You feel yourself speed up. The orc wizard hits you with a dagger.
* * * LOW HITPOINT WARNING * * *
The orc wizard hits you but does no damage.
The orc hits you with a club.
* * * LOW HITPOINT WARNING * * *
The orc wizard casts a spell at you. The magic dart hits you!
You die...

...........(.# #...
##.).####..#.####### #.##
#.<## #..#.......# ##...
....# #....#####.# #....
###.# #.#..# #.# ###....
# #.# #.#..# #.# #......
# #.# #.#..# ##.##
#...... # #.#
#.#..####...#######......
# #.>
.....<..@.o..............
# #.#
####.####.o.########.....
# #.# ### . ##.## #..ยง..
# #.# #.. #.# #..#.# #
#.# #.# #.# #o.#.# #
#.#####.# #.# ....#.#
###....##.## #.# .###.#.o
.......#...#######.# #
#....
###.#..............#
#....


You could see an orc wizard and an orc.

Vanquished Creatures
  An adder (D:2)
  2 worms
  5 giant geckos
  3 oozes
  An orc (D:3)
  A giant cockroach (D:1)
  4 goblins
  A hobgoblin (D:1)
  4 jackals (D:2)
  3 kobolds
  3 quokkas (D:2)
  10 bats
  A giant newt (D:1)
  10 rats
49 creatures vanquished.

Vanquished Creatures (others)
  3 jackals (D:2)
3 creatures vanquished.

Grand Total: 52 creatures vanquished

Notes
Turn   | Place    | Note
--------------------------------------------------------------
     0 | Abyss:1  | Psiweapon, the Kobold Abyssal Knight, began the quest for the Orb.
     0 | Abyss:1  | Reached XP level 1. HP: 14/14 MP: 1/1
    56 | Abyss:1  | Noticed a soul eater
    56 | D:1      | Escaped the Abyss
   267 | D:1      | Acquired Lugonu's first power
   273 | D:1      | Reached XP level 2. HP: 17/19 MP: 2/2
   968 | D:1      | Reached XP level 3. HP: 23/23 MP: 4/4
  1220 | D:2      | Found a stormy altar of Qazlal.
  1290 | D:2      | Found a shimmering altar of Xom.
  1304 | D:2      | Reached skill level 4 in Short Blades
  1501 | D:2      | Acquired Lugonu's second power
  1916 | D:2      | Reached XP level 4. HP: 21/28 MP: 6/6
  1939 | D:2      | Found a glowing silver altar of Zin.
  2208 | D:2      | Found a radiant altar of Vehumet.
  2286 | D:2      | Found a stormy altar of Qazlal.
  2741 | D:3      | Killed from afar by an orc wizard

Action                   |  1- 3 |  4- 6 || total
-------------------------+-------+-------++-------
Melee: Short sword       |   156 |    67 ||   223
Throw: Stone             |   121 |    18 ||   139
Invok: Depart the Abyss  |     1 |       ||     1
  Use: Potion            |       |     2 ||     2
 Stab: Distracted        |       |     1 ||     1
  Eat: Chunk             |     3 |     3 ||     6
       Pizza             |     1 |       ||     1
